 Dungeon Crawl Stone Soup version 0.31-a0-175-g9f7f995f2b (webtiles) character file.

Game seed: 13592578249370298838

2479 qw the Cleaver (level 9, 0/55 HPs)
             Began as a Gargoyle Fighter on June 16, 2023.
             Was an Initiate of Okawaru.
             Slain by a two-headed ogre
             ... wielding a +0 giant club
              (18 damage)
             ... on level 8 of the Dungeon.
             The game lasted 00:03:30 (6613 turns).

qw the Cleaver (Gargoyle Fighter)                   Turns: 6613, Time: 00:03:31

Health: 0/55       AC: 25    Str: 24    XL:     9   Next: 51%
Magic:  8/10       EV:  9    Int:  9    God:    Okawaru [......]
Gold:   131        SH:  5    Dex:  9    Spells: 8/8 levels left

rFire   + . .        Y - +0 war axe (chaos)
rCold   . . .        c - +0 buckler
rNeg    + . .        m - +0 plate armour
rPois   inf          r - +0 helmet
rElec   +            e - +0 cloak
rCorr   .            b - +0 pair of gloves
SInv    .            (no boots)
Will    .....        f - amulet of regeneration Stlth
                     h - ring of protection from fire
HPRegen 1.09/turn    (no ring)
MPRegen 0.12/turn

%: no passive effects
@: heroic
A: sickness immunity, AC +6, negative energy resistance 1, electricity
resistance, torment resistance 1, petrification resistance
a: Renounce Religion


You were on level 8 of the Dungeon.
You worshipped Okawaru.
Okawaru was noncommittal.
You visited 2 branches of the dungeon, and saw 9 of its levels.

You collected 460 gold pieces.
You spent 329 gold pieces at shops.


Innate Abilities, Weirdness & Mutations

You are immune to sickness and miasma.
Your stone body is resilient. (AC +6)
You are immune to poison.
You resist negative energy. (rN+)
You are resistant to electric shocks. (rElec)
You are resistant to unholy torment.
You are immune to petrification.


   Skills:
 - Level 6.0(11.0) Fighting
 - Level 9.0(14.0) Axes
 - Level 1.9(6.9) Throwing
 + Level 5.8(10.8) Armour
 - Level 2.9(7.9) Dodging
 - Level 3.2(8.2) Shields
 - Level 2.0 Invocations


You had 8 spell levels left.
You didn't know any spells.
Your spell library was empty.

Inventory:

Hand Weapons
 o - a +0 war axe
 s - a +0 morningstar
 Y - a +0 war axe of chaos (weapon)
Missiles
 l - 2 boomerangs (quivered)
Armour
 b - a +0 pair of gloves (worn)
 c - a +0 buckler (worn)
 e - a +0 cloak (worn)
 m - a +0 plate armour (worn)
 r - a +0 helmet (worn)
Jewellery
 f - an amulet of regeneration (around neck)
 h - a ring of protection from fire (left hand)
Wands
 k - a wand of digging (5)
Scrolls
 a - a scroll of identify
 g - 3 scrolls of teleportation
Potions
 d - 2 potions of might
 i - a potion of heal wounds
 j - 2 potions of attraction
 n - a potion of brilliance {unknown}

Dungeon Overview and Level Annotations

Branches:
Dungeon (8/15)             Temple (1/1) D:6
   Lair: D:8-11

Altars:
Ashenzari
Cheibriados
Dithmenos
Elyvilon
Fedhas
Gozag
Hepliaklqana
Kikubaaqudgha
Makhleb
Nemelex Xobeh
Okawaru
Qazlal
Ru
Sif Muna
Trog
Uskayaw
Vehumet
Wu Jian
Xom
Yredelemnul
Zin
The Shining One

Shops:
D:4 *   D:5 [[*[

Annotations:
D:2 1 runed translucent door, Crazy Yiuf


Message History

The komodo dragon bites you!
The orc warrior hits you but does no damage.
You hit the komodo dragon.
The komodo dragon suddenly seems more resistant.
The komodo dragon is heavily wounded.
You barely miss the orc. You hit the orc warrior. You burn the orc warrior.
The orc hits you but does no damage. The orc barely misses you.
The komodo dragon bites you but does no damage.
The orc warrior hits you but does no damage.
You slash the komodo dragon!
The komodo dragon is severely wounded.
You slash the orc!
You kill the orc!
Okawaru accepts your kill.
You slash the two-headed ogre!
You hit the orc warrior but do no damage.
The orc warrior is poisoned.
You slash the black bear!
The black bear suddenly seems more agile.
The black bear bites you but does no damage.
The black bear claws you but does no damage. x2
The orc completely misses you.
The komodo dragon bites you but does no damage.
The orc warrior hits you with a +0 morningstar.
You block the two-headed ogre's attack. The two-headed ogre misses you.
You hit the komodo dragon.
The komodo dragon is almost dead.
You hit the two-headed ogre.
The two-headed ogre goes berserk!
You hit the orc warrior.
The orc warrior suddenly seems more resistant.
You closely miss the black bear. You block the black bear's attack.
The black bear claws you but does no damage.
The black bear completely misses you. The orc hits you but does no damage.
The komodo dragon bites you but does no damage.
You barely miss the komodo dragon.
The komodo dragon is almost dead.
You hit the black bear but do no damage.
You slash the two-headed ogre! You completely miss the orc warrior.
The two-headed ogre hits you with a +0 giant club!!
You die...

... ....# .#
##..###....#
..##.........##
..............#
..............# ..
..............#...
.....o).O....##...
......)@o........#
......l)h........
.....F..?........
............#...
..#.......<## . .
#........#
#..........
.........####
.....##.##


You could see a two-headed ogre (berserk), a komodo dragon (resistant, very
poisoned), an orc warrior (resistant, very poisoned), a black bear (agile), a
bullfrog and an orc.

Vanquished Creatures
  Grinder (D:3)
  Sigmund (D:5)
  A steam dragon (D:7)
  An orc warrior (D:7)
  4 ice beasts
  A sky beast (D:7)
  2 ogres (D:6)
  A centaur (D:6)
  A phantom (D:6)
  A scorpion (D:5)
  3 wights (D:7)
  2 howler monkeys (D:7)
  8 orc priests
  2 hounds
  A jelly (D:3)
  2 iguanas
  Terence (D:2)
  7 orc wizards
  9 adders
  3 shadow imps
  3 white imps
  2 ufetubi (D:5)
  A worm (D:2)
  5 dart slugs
  38 orcs
  4 endoplasms
  2 giant cockroaches
  7 goblins
  4 hobgoblins
  2 jackals (D:2)
  4 kobolds
  2 quokkas
  4 ball pythons
  5 bats
  3 frilled lizards
  5 rats
143 creatures vanquished.

Notes
Turn   | Place    | Note
-------+----------+-------------------------------------------
     0 | D:1      | qw the Gargoyle Fighter began the quest for the Orb.
     0 | D:1      | Reached XP level 1. HP: 14/14 MP: 1/1
     0 | D:1      | 0 ||| qw: Version: 0.2-a-29-g511e9b1
     0 | D:1      | 0 ||| qw: Game counter: 5671
     0 | D:1      | 0 ||| qw: Always use a shield: true
     0 | D:1      | 0 ||| qw: God list: Okawaru
     0 | D:1      | 0 ||| qw: Allow faded altars: false
     0 | D:1      | 0 ||| qw: Do Orc after D:15 true
     0 | D:1      | 0 ||| qw: Do second Lair branch before Depths: true
     0 | D:1      | 0 ||| qw: Lair rune preference: random
     0 | D:1      | 0 ||| qw: Plans: Normal, Zot:1-4, Slime:5, God:TSO, Crypt,
                  | Tomb, Abyss, Pan, Hells, Win
     0 | D:1      | 0 ||| PLANNING D:1-11
   141 | D:1      | Reached skill level 2 in Axes
   206 | D:1      | Reached XP level 2. HP: 19/19 MP: 2/2
   409 | D:1      | 409 ||| Stepping ~*~*~tactically~*~*~ (stealth).
   597 | D:1      | 597 ||| Stepping ~*~*~tactically~*~*~ (hiding).
   763 | D:1      | 763 ||| UPGRADING to amulet of regeneration.
   768 | D:1      | 768 ||| READING scroll labelled SECKYUGIEM.
   769 | D:1      | 769 ||| READING scroll labelled ASHRUNG MUCRUTWI.
   774 | D:1      | 774 ||| READING scroll labelled LYKIEFF LUFFA.
   839 | D:2      | Reached skill level 3 in Axes
   856 | D:2      | Reached XP level 3. HP: 23/23 MP: 3/3
   903 | D:2      | Noticed Terence
   916 | D:2      | Killed Terence
   917 | D:2      | Reached XP level 4. HP: 19/28 MP: 4/4
   961 | D:2      | 961 ||| Stepping ~*~*~tactically~*~*~ (hiding).
   962 | D:2      | 962 ||| Stepping ~*~*~tactically~*~*~ (hiding).
  1166 | D:2      | Reached skill level 4 in Axes
  1470 | D:2      | Found a runed translucent door.
  1471 | D:2      | Noticed Crazy Yiuf
  1474 | D:2      | 1474 ||| UPGRADING to +0 cloak.
  1479 | D:2      | 1479 ||| READING scroll labelled ROOG USELOVAKU.
  1577 | D:3      | Noticed an ice beast
  1591 | D:3      | Killed an ice beast
  1592 | D:3      | Reached skill level 5 in Axes
  1592 | D:3      | Reached XP level 5. HP: 32/32 MP: 5/5
  1601 | D:3      | 1601 ||| Stepping ~*~*~tactically~*~*~ (stealth).
  1714 | D:3      | Reached XP level 6. HP: 33/38 MP: 6/6
  1729 | D:3      | Noticed Grinder
  1730 | D:3      | 1730 ||| Stepping ~*~*~tactically~*~*~ (hiding).
  1733 | D:3      | Paralysed by Grinder for 3 turns
  1739 | D:3      | Paralysed by Grinder for 3 turns
  1743 | D:3      | Killed Grinder
  1777 | D:3      | 1777 ||| Stepping ~*~*~tactically~*~*~ (stealth).
  1844 | D:3      | Reached XP level 7. HP: 42/43 MP: 7/7
  2234 | D:3      | 2234 ||| UPGRADING to +0 chain mail.
  2244 | D:3      | 2244 ||| DROPPING +0 scale mail.
  2245 | D:3      | 2245 ||| READING scroll labelled QAENIE ZESOATHY.
  2253 | D:3      | 2253 ||| READING scroll labelled BAUCISYPUOT.
  2254 | D:3      | 2254 ||| DRINKING 2 brown potions.
  2255 | D:3      | 2255 ||| DRINKING 2 inky potions.
  2294 | D:4      | Found Vilisot's Assorted Antiques.
  2300 | D:4      | 2300 ||| BUYING 2 dark potions (46 gold).
  2300 | D:4      | Bought 2 dark potions for 46 gold pieces
  2300 | D:4      | 2300 ||| BUYING 2 fuming purple potions (46 gold).
  2300 | D:4      | Bought 2 fuming purple potions for 46 gold pieces
  2300 | D:4      | 2300 ||| BUYING potion of attraction (78 gold).
  2300 | D:4      | Bought a potion of attraction for 78 gold pieces
  2300 | D:4      | 2300 ||| SHOPLISTING scroll of identify (52 gold, have 43).
  2302 | D:4      | 2302 ||| Stepping ~*~*~tactically~*~*~ (hiding).
  2328 | D:4      | 2328 ||| Stepping ~*~*~tactically~*~*~ (hiding).
  2330 | D:4      | 2330 ||| Stepping ~*~*~tactically~*~*~ (hiding).
  2331 | D:4      | 2331 ||| Stepping ~*~*~tactically~*~*~ (hiding).
  2332 | D:4      | 2332 ||| Stepping ~*~*~tactically~*~*~ (hiding).
  2354 | D:4      | 2354 ||| DROPPING +0 whip.
  2461 | D:4      | Reached skill level 6 in Axes
  2490 | D:4      | 2490 ||| DRINKING 2 potions of curing.
  2490 | D:4      | 2490 ||| (to cure confusion)
  2493 | D:4      | 2493 ||| DRINKING potion of curing.
  2493 | D:4      | 2493 ||| (to cure confusion)
  2684 | D:4      | 2684 ||| Stepping ~*~*~tactically~*~*~ (hiding).
  2685 | D:4      | 2685 ||| Stepping ~*~*~tactically~*~*~ (hiding).
  3155 | D:4      | 3155 ||| DRINKING 3 dark potions.
  3156 | D:4      | 3156 ||| DRINKING 3 fuming purple potions.
  3157 | D:4      | 3157 ||| DROPPING 2 potions of enlightenment.
  3166 | D:5      | Entered Level 5 of the Dungeon
  3210 | D:5      | Found Guebaemmay's General Store.
  3219 | D:5      | 3219 ||| BUYING scroll of identify (20 gold).
  3219 | D:5      | Bought a scroll of identify for 20 gold pieces
  3298 | D:5      | Found Wiugushra's Antique Armour Shoppe.
  3299 | D:5      | 3299 ||| DROPPING +0 mace.
  3307 | D:5      | 3307 ||| SHOPLISTING glowing plate armour (468 gold, have
                  | 107).
  3307 | D:5      | 3307 ||| BUYING pair of gloves (81 gold).
  3307 | D:5      | Bought a pair of gloves for 81 gold pieces
  3307 | D:5      | 3307 ||| SHOPLISTING runed helmet (135 gold, have 26).
  3442 | D:5      | 3442 ||| Stepping ~*~*~tactically~*~*~ (stealth).
  3449 | D:5      | 3449 ||| Stepping ~*~*~tactically~*~*~ (stealth).
  3450 | D:5      | 3450 ||| Stepping ~*~*~tactically~*~*~ (hiding).
  3451 | D:5      | 3451 ||| Stepping ~*~*~tactically~*~*~ (stealth).
  3452 | D:5      | 3452 ||| Stepping ~*~*~tactically~*~*~ (hiding).
  3453 | D:5      | 3453 ||| Stepping ~*~*~tactically~*~*~ (hiding).
  3532 | D:5      | 3532 ||| Stepping ~*~*~tactically~*~*~ (hiding).
  3534 | D:5      | 3534 ||| Stepping ~*~*~tactically~*~*~ (hiding).
  3610 | D:5      | Reached skill level 7 in Axes
  3655 | D:5      | Found Soaqa's Armour Shoppe.
  3664 | D:5      | 3664 ||| SHOPLISTING +2 scale mail of cold resistance (273
                  | gold, have 81).
  3687 | D:5      | Noticed Sigmund
  3688 | D:5      | 3688 ||| Stepping ~*~*~tactically~*~*~ (hiding).
  3699 | D:5      | Killed Sigmund
  3700 | D:5      | Reached XP level 8. HP: 49/49 MP: 8/8
  3723 | D:5      | Found Neuffacsy's Armour Shop.
  3729 | D:5      | 3729 ||| BUYING +0 helmet (58 gold).
  3729 | D:5      | Bought a +0 helmet for 58 gold pieces
  3729 | D:5      | 3729 ||| SHOPLISTING +0 pair of boots of rampaging (149
                  | gold, have 38).
  3729 | D:5      | 3729 ||| SHOPLISTING +0 plate armour "Yfrociro" {rC++
                  | Regen+} (617 gold, have 38).
  3729 | D:5      | 3729 ||| SHOPLISTING +1 pair of gloves (149 gold, have 38).
  4044 | D:5      | 4044 ||| DROPPING +0 flail.
  4108 | D:5      | Identified the +0 helmet of the Prince of Darkness
                  | {*Corrode Int+6}
  4317 | D:5      | 4317 ||| UPGRADING to +0 pair of gloves.
  4322 | D:5      | 4322 ||| UPGRADING to +0 plate armour.
  4332 | D:5      | 4332 ||| DROPPING +0 chain mail.
  4333 | D:5      | 4333 ||| DROPPING +0 helmet of the Prince of Darkness
                  | {*Corrode Int+6}.
  4334 | D:5      | 4334 ||| UPGRADING to +0 helmet.
  4339 | D:5      | 4339 ||| READING scroll labelled VINENERCHAR.
  4340 | D:5      | 4340 ||| READING scroll labelled YFYCEU IRAWK.
  4341 | D:5      | 4341 ||| READING 3 scrolls of identify.
  4341 | D:5      | 4341 ||| IDENTIFYING smoky blue potion
  4342 | D:5      | 4342 ||| READING 2 scrolls of identify.
  4342 | D:5      | 4342 ||| IDENTIFYING lumpy yellow potion
  4343 | D:5      | 4343 ||| DROPPING potion of degeneration.
  4344 | D:5      | 4344 ||| DROPPING potion of ambrosia.
  4453 | D:6      | Found a staircase to the Ecumenical Temple.
  4454 | D:6      | 4454 ||| PLANNING TEMPLE
  4454 | D:6      | 4454 ||| UPGRADING to ring of protection from fire.
  4463 | Temple   | Entered the Ecumenical Temple
  4505 | Temple   | 4505 ||| PLANNING OKAWARU WORSHIP
  5314 | Temple   | Became a worshipper of Warmaster Okawaru
  5315 | Temple   | 5315 ||| PLANNING D:1-11
  5548 | D:6      | Reached skill level 8 in Axes
  5676 | D:6      | Reached skill level 6 in Fighting
  5719 | D:6      | Reached * piety under Okawaru
  5720 | D:6      | Reached XP level 9. HP: 46/55 MP: 9/9
  5749 | D:6      | Found a white marble altar of Elyvilon.
  5960 | D:6      | Found a hide-covered altar of Uskayaw.
  5961 | D:6      | 5961 ||| READING 2 scrolls labelled ARGHIE GUHURCH.
  5962 | D:6      | 5962 ||| DROPPING scroll of revelation.
  6026 | D:7      | 6026 ||| INVOKING Heroism.
  6035 | D:7      | Reached skill level 1 in Throwing
  6074 | D:7      | 6074 ||| Stepping ~*~*~tactically~*~*~ (stealth).
  6091 | D:7      | Reached skill level 1 in Invocations
  6144 | D:7      | 6144 ||| INVOKING Heroism.
  6145 | D:7      | 6145 ||| INVOKING Heroism.
  6158 | D:7      | 6158 ||| INVOKING Heroism.
  6159 | D:7      | HP: 13/55 [wight/+0 dagger (5)]
  6160 | D:7      | 6160 ||| READING 4 scrolls of teleportation.
  6161 | D:7      | HP: 3/55 [orc priest/divine providence (12)]
  6162 | D:7      | 6162 ||| DRINKING 3 potions of heal wounds.
  6165 | D:7      | 6165 ||| FLEEEEING.
  6166 | D:7      | 6166 ||| FLEEEEING.
  6167 | D:7      | 6167 ||| FLEEEEING.
  6168 | D:7      | 6168 ||| FLEEEEING.
  6169 | D:7      | 6169 ||| FLEEEEING.
  6170 | D:7      | 6170 ||| FLEEEEING.
  6177 | D:7      | 6177 ||| INVOKING Heroism.
  6235 | D:7      | Found an opulent altar of Gozag.
  6251 | D:7      | 6251 ||| Stepping ~*~*~tactically~*~*~ (stealth).
  6339 | D:7      | 6339 ||| Stepping ~*~*~tactically~*~*~ (stealth).
  6357 | D:7      | 6357 ||| Stepping ~*~*~tactically~*~*~ (stealth).
  6359 | D:7      | 6359 ||| Stepping ~*~*~tactically~*~*~ (stealth).
  6365 | D:7      | 6365 ||| Stepping ~*~*~tactically~*~*~ (hiding).
  6372 | D:7      | Reached skill level 9 in Axes
  6539 | D:7      | 6539 ||| READING scroll labelled DEASEFOUWA.
  6594 | D:8      | Noticed a komodo dragon
  6594 | D:8      | Noticed a two-headed ogre
  6601 | D:8      | HP: 11/55 [two-headed ogre/+0 giant club (7)]
  6601 | D:8      | HP: 2/55 [two-headed ogre/+0 giant club (9)]
  6602 | D:8      | 6602 ||| DRINKING 2 potions of heal wounds.
  6606 | D:8      | 6606 ||| INVOKING Heroism.
  6613 | D:8      | Slain by a two-headed ogre

Levels and vault maps discovered:
D:1:      psy_arrival_heroes, layout_basic, serial_park_tiny_2
D:2:      layout_basic, minmay_misc_feat_doors, minmay_fountain_box,
          uniq_terence, uniq_crazy_yiuf_cottage
D:3:      minmay_skewed_foursquare, layout_rooms, roderic_roman_lattice,
          serial_bayou_pond_c, uniq_grinder
D:4:      layout_gridville, serial_shops, shop
D:5:      layout_basic, serial_shops, nicolae_stop_n_shop_1, shop, shop,
          nicolae_shop_tiny_statue_garden, uniq_sigmund
D:6:      layout_basic, mainiacjoe_overflow_big_doors, temple_fountains,
          minmay_misc_feat_rows
D:7:      layout_rooms, overflow_temple_1_default,
          hangedman_abyss_or_decor_jellyfish_corner
D:8:      layout_cave_pools, due_lair_maze_entry_diamond
Temple:   compressed_dpeg_triangle_lava_temple

Skill      XL: |  1  2  3  4  5  6  7  8  9 |
---------------+----------------------------+-----
Axes           | 2 3 5 7 8 9 |  9.0
Fighting       | 4 5 6 |  6.0
Dodging        | 2 |  2.9
Armour         | 5 |  5.8
Throwing       | 1 |  1.9
Invocations    | 2 |  2.0
Shields        | |  3.2

Action                     |  1- 3 |  4- 6 |  7- 9 || total
---------------------------+-------+-------+-------++-------
  Melee: War axe           |    67 |    95 |   351 ||   513
  Throw: Boomerang         |       |       |     8 ||     8
 Invoke: Heroism           |       |       |     5 ||     5
    Use: Scroll            |     3 |     1 |     9 ||    13
         Potion            |       |       |     8 ||     8
 Armour: Scale mail        |    26 |    49 |    14 ||    89
         Chain mail        |       |       |   132 ||   132
         Plate armour      |       |       |   135 ||   135
  Dodge: Dodged            |    33 |    31 |   154 ||   218
  Block: Buckler           |    18 |    18 |    76 ||   112

Table legend:
 A = Non-vault XP
 B = Vault XP
 C = Vault XP percentage of total XP
 D = Non-vault monster count
 E = Vault monster count
 F = Vault count percentage of total count
                 A         B        C        D         E       F
            +---------+---------+-------+---------+---------+-------
      Total |    2945 |     597 |  16.9 |     135 |       8 |   5.6
            +---------+---------+-------+---------+---------+-------
        D:1 |      26 |       0 |   0.0 |      15 |       0 |   0.0
        D:2 |      42 |      36 |  46.2 |      15 |       1 |   6.2
        D:3 |     287 |     335 |  53.9 |      19 |       6 |  24.0
        D:4 |     289 |       0 |   0.0 |      24 |       0 |   0.0
        D:5 |     325 |     226 |  41.0 |      19 |       1 |   5.0
        D:6 |     853 |       0 |   0.0 |      17 |       0 |   0.0
        D:7 |    1034 |       0 |   0.0 |      20 |       0 |   0.0
        D:8 |      89 |       0 |   0.0 |       6 |       0 |   0.0
            +---------+---------+-------+---------+---------+-------
